Flames vs Canucks

Created - Sunday, December 21, 2014 at 01:45

Goals
1 2 3 OT1 SO T
Flames 1 1 0 0 1 2
Canucks 1 1 0 0 2 3
Shots
1 2 3 OT1 SO T
Flames 7 17 11 3 3 38
Canucks 13 9 5 0 3 27

1st period

1. Canucks , Boyd Gordon 5 (Lance Bouma, Mason Raymond) at 5:57
2. Flames , Michael Frolik 4 (Jordan Staal, Brian Campbell) at 15:05 (PP)

Penalties :
Jacob Trouba (Cal) for Holding (Minor) at 3:33, Lance Bouma (Van) for Hooking (Minor) at 10:18, Clarke MacArthur (Van) for Holding (Minor) at 13:20

2nd period

3. Flames , Andrew Cogliano 6 (Jacob Trouba, Dougie Hamilton) at 12:41 (PP)
4. Canucks , Pavel Datsyuk 19 (Clarke MacArthur, Niklas Hjalmarsson) at 16:32 (PP)

Penalties :
Charlie Coyle (Cal) for Hooking (Minor) at 0:16, Lance Bouma (Van) for Holding (Minor) at 6:26, Mason Raymond (Van) for Slashing (Minor) at 12:29, Chris Phillips (Cal) for Goalie Interference (Minor) at 14:36, Mikael Backlund (Cal) for Holding (Minor) at 14:50, Ryane Clowe (Van) for Holding (Minor) at 16:44

3rd period

No Goal

Penalties :
Matt Cooke (Cal) for Goalie Interference (Minor) at 2:37, Charlie Coyle (Cal) for Interference (Minor) at 5:52, Kyle Brodziak (Van) for Close Hand On Puck (Minor) at 15:37

Overtime #1

No Goal

Penalties :
No Penalty

Shootout

Penalty Shot by Jordan Staal for Flames - Stopped by Ben Bishop
Penalty Shot by Pavel Datsyuk for Canucks - Goal!
Penalty Shot by Jason Pominville for Flames - Goal!
Penalty Shot by Mason Raymond for Canucks - Stopped by Mike Smith
Penalty Shot by Jason Spezza for Flames - Stopped by Ben Bishop
Penalty Shot by Michael Grabner for Canucks - Goal!

Penalties :
No Penalty

Goalie Stats

Mike Smith (Cal), 25 saves from 27 shots - (0.926), OTL, 12-10-7, 65:00 minutes
Ben Bishop (Van), 36 saves from 38 shots - (0.947), W, 22-4-5, 65:00 minutes

Players Stats for Flames

Player Name              G  A  P  +/- PIM S  H  SB GA TA FO     MP     PP MP  PK MP  
------------------------------------------------------------------------------------
Aleksander Barkov        0  0  0   0  0   1  0  0  1  0  3/6     7:31   0:00   0:00 
Andrew Cogliano          1  0  1   0  0   4  3  0  1  0  1/1    18:52   4:33   0:03 
Brian Campbell           0  1  1   0  0   5  0  2  1  1  0/0    23:18   4:44   0:00 
Casey Cizikas            0  0  0  -1  0   1  1  1  0  1  0/0    12:12   0:00   4:16 
Charlie Coyle            0  0  0   0  4   4  1  0  2  0  1/2    16:43   4:49   0:56 
Chris Phillips           0  0  0  -1  2   1  3  1  0  0  0/0    16:31   0:00   4:35 
Dougie Hamilton          0  1  1   0  0   0  0  1  0  0  0/0    15:47   5:04   0:00 
Jacob Trouba             0  1  1  -1  2   1  4  1  2  1  0/0    27:26   5:04   4:11 
Jason Pominville         0  0  0   0  0   1  0  0  1  0  0/0    18:30   4:59   0:00 
Jason Spezza             0  0  0   0  0   4  1  0  1  0  11/18  18:08   4:33   0:00 
Jordan Staal             0  1  1   0  0   4  1  1  0  0  3/13   17:34   5:15   0:00 
Justin Faulk             0  0  0  -1  0   2  1  1  1  2  0/0    28:15   4:44   5:53 
Manny Malhotra           0  0  0   0  0   1  1  0  0  0  4/7    13:29   0:00   4:55 
Matt Cooke               0  0  0   0  2   2  1  1  0  0  1/1    10:23   0:00   0:00 
Michael Frolik           1  0  1   0  0   3  0  0  3  0  1/1    14:55   4:49   0:00 
Mikael Backlund          0  0  0  -1  2   3  0  0  0  1  2/4    15:18   0:26   4:12 
Nick Spaling             0  0  0   0  0   0  0  0  0  0  0/1    14:05   0:00   4:03 
TJ Brodie                0  0  0   0  0   1  3  0  0  2  0/0    19:06   0:00   5:29 

Players Stats for Canucks

Player Name              G  A  P  +/- PIM S  H  SB GA TA FO     MP     PP MP  PK MP  
------------------------------------------------------------------------------------
Andrei Markov            0  0  0   0  0   1  2  5  0  2  0/0    27:14   5:02   5:40 
Boyd Gordon              1  0  1   1  0   2  0  0  0  0  7/16   17:30   0:00   5:37 
Brendan Gallagher        0  0  0   0  0   2  1  0  1  0  1/1    18:28   5:10   0:00 
Christopher Tanev        0  0  0   0  0   3  2  2  2  1  0/0    20:06   5:02   0:00 
Clarke MacArthur         0  1  1   0  2   1  2  1  1  0  0/1    19:53   4:47   0:44 
Cody Hodgson             0  0  0   0  0   2  2  0  1  0  6/11   17:49   5:10   0:00 
Colby Robak              0  0  0   1  0   0  1  0  0  0  0/0    13:13   0:00   0:00 
James Wright             0  0  0   0  0   1  0  0  0  1  0/0    13:03   0:00   6:29 
Jared Cowen              0  0  0   1  0   0  2  1  0  1  0/0    17:40   0:00   4:08 
Kyle Brodziak            0  0  0   0  2   0  0  0  0  0  1/1     8:36   0:00   2:38 
Lance Bouma              0  1  1   1  4   3  1  1  0  0  1/2    12:29   0:00   1:37 
Mason Raymond            0  1  1   1  2   1  0  0  4  0  1/1    12:55   0:42   0:19 
Michael Grabner          0  0  0   0  0   0  0  1  0  1  0/0    16:55   4:19   0:00 
Niklas Hjalmarsson       0  1  1   0  0   2  0  1  0  0  0/0    24:33   5:02   4:08 
Pavel Datsyuk            1  0  1   0  0   3  3  1  5  0  8/19   24:25   4:54   2:12 
Ryane Clowe              0  0  0   0  2   0  1  0  1  1  2/2    17:58   5:09   0:00 
Victor Hedman            0  0  0   0  0   6  3  2  0  1  0/0    27:14   5:02   5:40 
Zack Kassian             0  0  0   0  0   0  0  0  0  0  0/0     0:00   0:00   0:00 

3 Stars

1 - Pavel Datsyuk (Van)
2 - Ben Bishop (Van)
3 - Andrew Cogliano (Cal)

Power Play

Flames - 2 on 6 Attempt(s) - 33.33%
Canucks - 1 on 6 Attempt(s) - 16.67%

Penalty Kill

Flames - 5 on 6 Attempt(s) - 83.33% - Score 0 goal in Penalty Kill
Canucks - 4 on 6 Attempt(s) - 66.67% - Score 0 goal in Penalty Kill

Official

Referees : Unknown
Linesman : Unknown

Game Notes

No Game Note

Finance

Level 1 -- Attendance: 4099 (68.32%) -- Ticket Income $409,900
Level 2 -- Attendance: 3967 (79.34%) -- Ticket Income $238,020
Level 3 -- Attendance: 1383 (69.15%) -- Ticket Income $48,405
Level 4 -- Attendance: 3155 (78.88%) -- Ticket Income $63,100
Luxury Box -- Attendance: 760 (76.00%) -- Ticket Income $152,000
Game was played at the Rogers Place
Total Attendance: 13364 (74.24%)
Total Ticket Income: $911,425
Other Income: $446,598
Total Income: $1,358,023

Flames

5 vs 5 Forward 
   Center                   Left Wing                Right Wing               Time % Phy DF OF 
 1 Jason Spezza             Andrew Cogliano          Jason Pominville         30     1   2  2  
 2 Jordan Staal             Michael Frolik           Charlie Coyle            25     1   2  2  
 3 Mikael Backlund          Nick Spaling             Matt Cooke               25     1   2  2  
 4 Aleksander Barkov        Manny Malhotra           Casey Cizikas            20     1   2  2  

5 vs 5 Defense 
   Defense                  Defense                                           Time % Phy DF OF 
 1 Brian Campbell           Justin Faulk                                      36     1   2  2  
 2 TJ Brodie                Jacob Trouba                                      30     1   2  2  
 3 Chris Phillips           Dougie Hamilton                                   24     1   2  2  
 4 Brian Campbell           Jacob Trouba                                      10     1   2  2  

PowerPlay Forward 
   Center                   Left Wing                Right Wing               Time % Phy DF OF 
 1 Jason Spezza             Andrew Cogliano          Jason Pominville         50     0   0  5  
 2 Jordan Staal             Michael Frolik           Charlie Coyle            50     0   0  5  

PowerPlay Defense
   Defense                  Defense                                           Time % Phy DF OF 
 1 Brian Campbell           Justin Faulk                                      50     0   0  5  
 2 Jacob Trouba             Dougie Hamilton                                   50     0   0  5  

Penalty Kill 4 Players Forward 
   Center                   Wing                     Time % Phy DF OF 
 1 Manny Malhotra           Nick Spaling             50     1   4  0  
 2 Mikael Backlund          Casey Cizikas            50     1   4  0  

Penalty Kill 4 Players Defense
   Defense                  Defense                  Time % Phy DF OF 
 1 Chris Phillips           Justin Faulk             50     0   5  0  
 2 TJ Brodie                Jacob Trouba             50     1   4  0  

Penalty Kill - 3 Players Forward 
   Forward                                           Time % Phy DF OF 
 1 Manny Malhotra                                    50     0   5  0  
 2 Mikael Backlund                                   50     0   5  0  

Penalty Kill - 3 Players Defense
   Defense                  Defense                  Time % Phy DF OF 
 1 Chris Phillips           Justin Faulk             50     0   5  0  
 2 TJ Brodie                Jacob Trouba             50     0   5  0  

4 vs 4 Forward 
   Center                   Wing                     Time % Phy DF OF 
 1 Jordan Staal             Jason Pominville         50     1   2  2  
 2 Jason Spezza             Andrew Cogliano          50     1   2  2  

4 vs 4 Defense
   Defense                  Defense                  Time % Phy DF OF 
 1 Brian Campbell           Justin Faulk             50     1   2  2  
 2 TJ Brodie                Jacob Trouba             50     1   2  2  

Last Minutes Offensive
   Center                   Left Wing                Right Wing               Defense                  Defense                  
   Jason Spezza             Andrew Cogliano          Jason Pominville         Brian Campbell           Justin Faulk             

Last Minutes Defensive
   Center                   Left Wing                Right Wing               Defense                  Defense                  
   Jordan Staal             Andrew Cogliano          Michael Frolik           Chris Phillips           Jacob Trouba             

Goaltenders
Starting : Mike Smith               
Backup : Chad Johnson             

Extra Forwards
Normal : Mikael Backlund, Matt Cooke, Charlie Coyle - PP : Mikael Backlund, Matt Cooke - PK : Charlie Coyle
Extra Defensemen
Normal : Dougie Hamilton, Chris Phillips, TJ Brodie - PP : Dougie Hamilton - PK : Chris Phillips, TJ Brodie
Penalty Shots
Jordan Staal, Jason Pominville, Jason Spezza, Andrew Cogliano, Michael Frolik

Canucks

5 vs 5 Forward 
   Center                   Left Wing                Right Wing               Time % Phy DF OF 
 1 Pavel Datsyuk            Clarke MacArthur         Brendan Gallagher        35     1   2  2  
 2 Cody Hodgson             Ryane Clowe              Michael Grabner          30     1   2  2  
 3 Boyd Gordon              Mason Raymond            Lance Bouma              22     1   2  2  
 4 Kyle Brodziak            James Wright             Pavel Datsyuk            13     1   2  2  

5 vs 5 Defense 
   Defense                  Defense                                           Time % Phy DF OF 
 1 Andrei Markov            Victor Hedman                                     35     1   2  2  
 2 Niklas Hjalmarsson       Christopher Tanev                                 30     1   2  2  
 3 Jared Cowen              Colby Robak                                       22     1   2  2  
 4 Andrei Markov            Victor Hedman                                     13     1   2  2  

PowerPlay Forward 
   Center                   Left Wing                Right Wing               Time % Phy DF OF 
 1 Pavel Datsyuk            Clarke MacArthur         Michael Grabner          60     1   2  2  
 2 Cody Hodgson             Ryane Clowe              Brendan Gallagher        40     1   2  2  

PowerPlay Defense
   Defense                  Defense                                           Time % Phy DF OF 
 1 Andrei Markov            Victor Hedman                                     60     1   2  2  
 2 Niklas Hjalmarsson       Christopher Tanev                                 40     1   2  2  

Penalty Kill 4 Players Forward 
   Center                   Wing                     Time % Phy DF OF 
 1 Boyd Gordon              James Wright             60     1   2  2  
 2 Kyle Brodziak            Pavel Datsyuk            40     1   2  2  

Penalty Kill 4 Players Defense
   Defense                  Defense                  Time % Phy DF OF 
 1 Andrei Markov            Victor Hedman            60     1   2  2  
 2 Niklas Hjalmarsson       Jared Cowen              40     1   2  2  

Penalty Kill - 3 Players Forward 
   Forward                                           Time % Phy DF OF 
 1 Boyd Gordon                                       60     1   2  2  
 2 Kyle Brodziak                                     40     1   2  2  

Penalty Kill - 3 Players Defense
   Defense                  Defense                  Time % Phy DF OF 
 1 Andrei Markov            Victor Hedman            60     1   2  2  
 2 Niklas Hjalmarsson       Jared Cowen              40     1   2  2  

4 vs 4 Forward 
   Center                   Wing                     Time % Phy DF OF 
 1 Pavel Datsyuk            Clarke MacArthur         60     1   2  2  
 2 Cody Hodgson             Ryane Clowe              40     1   2  2  

4 vs 4 Defense
   Defense                  Defense                  Time % Phy DF OF 
 1 Andrei Markov            Victor Hedman            60     1   2  2  
 2 Niklas Hjalmarsson       Christopher Tanev        40     1   2  2  

Last Minutes Offensive
   Center                   Left Wing                Right Wing               Defense                  Defense                  
   Pavel Datsyuk            Ryane Clowe              Brendan Gallagher        Andrei Markov            Victor Hedman            

Last Minutes Defensive
   Center                   Left Wing                Right Wing               Defense                  Defense                  
   Boyd Gordon              James Wright             Kyle Brodziak            Andrei Markov            Victor Hedman            

Goaltenders
Starting : Ben Bishop               
Backup : Jake Allen               

Extra Forwards
Normal : Mason Raymond, Brendan Gallagher, Pavel Datsyuk - PP : Mason Raymond, Brendan Gallagher - PK : Lance Bouma
Extra Defensemen
Normal : Jared Cowen, Christopher Tanev, Niklas Hjalmarsson - PP : Jared Cowen - PK : Christopher Tanev, Niklas Hjalmarsson
Penalty Shots
Pavel Datsyuk, Mason Raymond, Michael Grabner, Cody Hodgson, Kyle Brodziak

% Time on Ice - Flames

Lines # - Real PCT - Wanted PCT - Time Play
Normal Forward
1 - 31% - 30% - 12:21
2 - 26% - 25% - 10:31
3 - 24% - 25% - 9:40
4 - 19% - 20% - 7:31
Normal Defense
1 - 38% - 36% - 15:16
2 - 30% - 30% - 11:54
3 - 24% - 24% - 9:43
4 - 8% - 10% - 3:10
PP Forward
1 - 51% - 50% - 4:59
2 - 49% - 50% - 4:49
PP Defense
1 - 48% - 50% - 4:44
2 - 52% - 50% - 5:04
PK Forward
1 - 49% - 50% - 4:06
2 - 51% - 50% - 4:16
PK Defense
1 - 55% - 50% - 4:35
2 - 45% - 50% - 3:47
PK3 Forward
1 - 48% - 50% - 0:49
2 - 52% - 50% - 0:53
PK3 Defense
1 - 76% - 50% - 1:18
2 - 24% - 50% - 0:24
44 Forward
1 - 55% - 50% - 2:48
2 - 45% - 50% - 2:17
44 Defense
1 - 47% - 50% - 2:22
2 - 53% - 50% - 2:43
Last Minute Offensive  - 0:00
Last Minute Defensive  - 0:00
Total
Forward - 65:00
Defense - 65:00

% Time on Ice - Canucks

Lines # - Real PCT - Wanted PCT - Time Play
Normal Forward
1 - 32% - 35% - 12:37
2 - 31% - 30% - 12:27
3 - 26% - 22% - 10:13
4 - 12% - 13% - 4:46
Normal Defense
1 - 32% - 35% - 12:53
2 - 33% - 30% - 13:02
3 - 33% - 22% - 13:13
4 - 2% - 13% - 0:55
PP Forward
1 - 49% - 60% - 4:54
2 - 51% - 40% - 5:10
PP Defense
1 - 50% - 60% - 5:02
2 - 50% - 40% - 5:02
PK Forward
1 - 82% - 60% - 8:02
2 - 18% - 40% - 1:46
PK Defense
1 - 58% - 60% - 5:40
2 - 42% - 40% - 4:08
PK3 Forward
1 - 0% - 60%
2 - 0% - 40%
PK3 Defense
1 - 0% - 60%
2 - 0% - 40%
44 Forward
1 - 86% - 60% - 4:22
2 - 14% - 40% - 0:43
44 Defense
1 - 54% - 60% - 2:44
2 - 46% - 40% - 2:21
Last Minute Offensive  - 0:00
Last Minute Defensive  - 0:00
Total
Forward - 65:00
Defense - 65:00

Play by Play

1st period


0:01 of 1st period - Jason Spezza wins face-off versus Pavel Datsyuk in neutral zone.
0:03 of 1st period - Off-side.
0:04 of 1st period - Jason Spezza wins face-off versus Pavel Datsyuk in neutral zone.
0:13 of 1st period - Slapshot by Victor Hedman.
0:13 of 1st period - Deflect By Brian Campbell.
0:13 of 1st period - Stopped by Mike Smith with a rebound.
0:15 of 1st period - Slapshot by Victor Hedman.
0:15 of 1st period - Deflect By Clarke MacArthur.
0:15 of 1st period - Stopped by Mike Smith without a rebound.
0:16 of 1st period - Pavel Datsyuk wins face-off versus Jason Spezza in Flames zone.
0:19 of 1st period - Snap shot by Pavel Datsyuk.
0:19 of 1st period - Deflect By Clarke MacArthur.
0:19 of 1st period - Shot Misses the Net.
0:19 of 1st period - Puck is out of play.
0:20 of 1st period - Pavel Datsyuk wins face-off versus Jason Spezza in Flames zone.
0:25 of 1st period - Slapshot by Brendan Gallagher.
0:25 of 1st period - Stopped by Mike Smith with a rebound.
0:27 of 1st period - Slapshot by Victor Hedman.
0:27 of 1st period - Deflect By Pavel Datsyuk.
0:27 of 1st period - Stopped by Mike Smith without a rebound.
0:28 of 1st period - Cody Hodgson wins face-off versus Jordan Staal in Flames zone.
1:43 of 1st period - Snap shot by Mason Raymond.
1:43 of 1st period - Shot Blocked by Matt Cooke.
2:25 of 1st period - Slapshot by Brian Campbell.
2:25 of 1st period - Stopped by Ben Bishop with a rebound.
2:27 of 1st period - Slapshot by Justin Faulk.
2:27 of 1st period - Stopped by Ben Bishop with a rebound.
2:49 of 1st period - Wrist shot by Jason Spezza.
2:49 of 1st period - Shot Misses the Net.
3:33 of 1st period - Minor Penalty to Jacob Trouba for Holding.
3:34 of 1st period - Mikael Backlund wins face-off versus Pavel Datsyuk in Flames zone.
3:44 of 1st period - Wrist shot by Pavel Datsyuk.
3:44 of 1st period - Shot Blocked by Chris Phillips.
4:20 of 1st period - Brendan Gallagher is hit by Chris Phillips and loses puck.
4:29 of 1st period - Snap shot by Niklas Hjalmarsson.
4:29 of 1st period - Stopped by Mike Smith with a rebound.
5:07 of 1st period - Backhand shot by Cody Hodgson.
5:07 of 1st period - Stopped by Mike Smith with a rebound.
5:33 of 1st period - Penalty to Jacob Trouba is over, Jacob Trouba is back on ice.
5:55 of 1st period - Slapshot by Boyd Gordon.
5:55 of 1st period - Deflect By Lance Bouma.
5:55 of 1st period - Stopped by Mike Smith with a rebound.
5:57 of 1st period - Slapshot by Boyd Gordon.
5:57 of 1st period - Goal by Boyd Gordon - Flames : 0 - Canucks : 1.
5:58 of 1st period - Lance Bouma wins face-off versus Jason Spezza in neutral zone.
6:01 of 1st period - Jason Pominville is hit by Lance Bouma and loses puck.
6:08 of 1st period - Backhand shot by Mason Raymond.
6:08 of 1st period - Shot Blocked by Brian Campbell.
6:10 of 1st period - Slapshot by Andrei Markov.
6:10 of 1st period - Shot Blocked by Brian Campbell.
6:12 of 1st period - Snap shot by Victor Hedman.
6:12 of 1st period - Stopped by Mike Smith without a rebound.
6:13 of 1st period - Boyd Gordon wins face-off versus Jason Spezza in Flames zone.
6:20 of 1st period - Snap shot by Mason Raymond.
6:20 of 1st period - Stopped by Mike Smith with a rebound.
6:22 of 1st period - Slapshot by Lance Bouma.
6:22 of 1st period - Stopped by Mike Smith with a rebound.
6:24 of 1st period - Slapshot by Victor Hedman.
6:24 of 1st period - Stopped by Mike Smith without a rebound.
6:25 of 1st period - Cody Hodgson wins face-off versus Charlie Coyle in Flames zone.
7:13 of 1st period - Ryane Clowe is hit by Jason Spezza and loses puck.
7:42 of 1st period - Brendan Gallagher is hit by Jacob Trouba and loses puck.
7:57 of 1st period - Slapshot by Dougie Hamilton.
7:57 of 1st period - Shot Blocked by Victor Hedman.
9:22 of 1st period - Manny Malhotra is hit by Pavel Datsyuk and loses puck.
9:35 of 1st period - Brian Campbell is hit by Colby Robak and loses puck.
9:48 of 1st period - Pavel Datsyuk is hit by TJ Brodie and loses puck.
9:57 of 1st period - Slapshot by Michael Frolik.
9:57 of 1st period - Stopped by Ben Bishop without a rebound.
9:58 of 1st period - Jason Spezza wins face-off versus Boyd Gordon in Canucks zone.
9:59 of 1st period - Snap shot by Andrew Cogliano.
9:59 of 1st period - Stopped by Ben Bishop without a rebound.
10:00 of 1st period - Jason Spezza wins face-off versus Boyd Gordon in Canucks zone.
10:18 of 1st period - Minor Penalty to Lance Bouma for Hooking.
10:19 of 1st period - Jordan Staal wins face-off versus Boyd Gordon in Canucks zone.
10:37 of 1st period - Snap shot by Michael Frolik.
10:37 of 1st period - Shot Misses the Net.
11:01 of 1st period - Slapshot by Andrei Markov.
11:01 of 1st period - Shot Misses the Net.
11:28 of 1st period - Snap shot by Boyd Gordon.
11:28 of 1st period - Shot Misses the Net.
11:39 of 1st period - Wrist shot by Andrew Cogliano.
11:39 of 1st period - Shot Misses the Net.
12:18 of 1st period - Penalty to Lance Bouma is over, Lance Bouma is back on ice.
12:32 of 1st period - Chris Phillips is hit by Pavel Datsyuk and loses puck.
12:53 of 1st period - Snap shot by Jacob Trouba.
12:53 of 1st period - Stopped by Ben Bishop with a rebound.
12:55 of 1st period - Slapshot by Jacob Trouba.
12:55 of 1st period - Shot Blocked by Michael Grabner.
13:13 of 1st period - Snap shot by Mikael Backlund.
13:13 of 1st period - Shot Blocked by Christopher Tanev.
13:15 of 1st period - Slapshot by Jacob Trouba.
13:15 of 1st period - Shot Blocked by Niklas Hjalmarsson.
13:17 of 1st period - Wrist shot by Matt Cooke.
13:17 of 1st period - Deflect By Mikael Backlund.
13:17 of 1st period - Shot Misses the Net.
13:17 of 1st period - Puck is out of play.
13:18 of 1st period - Pavel Datsyuk wins face-off versus Aleksander Barkov in Canucks zone.
13:20 of 1st period - Minor Penalty to Clarke MacArthur for Holding.
13:21 of 1st period - Boyd Gordon wins face-off versus Jordan Staal in Canucks zone.
13:40 of 1st period - Slapshot by James Wright.
13:40 of 1st period - Stopped by Mike Smith without a rebound.
13:41 of 1st period - Boyd Gordon wins face-off versus Jordan Staal in Flames zone.
14:42 of 1st period - Dougie Hamilton is hit by Andrei Markov and loses puck.
15:05 of 1st period - Snap shot by Michael Frolik.
15:05 of 1st period - Goal by Michael Frolik - Flames : 1 - Canucks : 1.
15:06 of 1st period - Aleksander Barkov wins face-off versus Pavel Datsyuk in neutral zone.
16:03 of 1st period - Justin Faulk is hit by Cody Hodgson and loses puck.
17:58 of 1st period - Ryane Clowe is hit by Chris Phillips and loses puck.
18:05 of 1st period - Snap shot by Michael Frolik.
18:05 of 1st period - Shot Misses the Net.
18:27 of 1st period - Icing by Ryane Clowe.
18:28 of 1st period - Aleksander Barkov wins face-off versus Cody Hodgson in Canucks zone.
18:37 of 1st period - Slapshot by Aleksander Barkov.
18:37 of 1st period - Stopped by Ben Bishop without a rebound.
18:38 of 1st period - Boyd Gordon wins face-off versus Aleksander Barkov in Canucks zone.
19:04 of 1st period - Icing by TJ Brodie.
19:05 of 1st period - Aleksander Barkov wins face-off versus Pavel Datsyuk in Flames zone.
19:05 of 1st period - Aleksander Barkov is hit by Clarke MacArthur.
Goals for this period are 1 for Flames vs 1 for Canucks.
Shots for this period are 7 for Flames vs 13 for Canucks.

2nd period


0:01 of 2nd period - Michael Frolik wins face-off versus Pavel Datsyuk in neutral zone.
0:16 of 2nd period - Minor Penalty to Charlie Coyle for Hooking.
0:17 of 2nd period - Manny Malhotra wins face-off versus Pavel Datsyuk in Flames zone.
0:17 of 2nd period - Manny Malhotra is hit by Clarke MacArthur.
0:29 of 2nd period - Slapshot by Clarke MacArthur.
0:29 of 2nd period - Shot Misses the Net.
0:31 of 2nd period - Slapshot by Andrei Markov.
0:31 of 2nd period - Shot Blocked by Jacob Trouba.
0:33 of 2nd period - Backhand shot by Victor Hedman.
0:33 of 2nd period - Stopped by Mike Smith with a rebound.
0:35 of 2nd period - Slapshot by Andrei Markov.
0:35 of 2nd period - Shot Misses the Net.
1:05 of 2nd period - Manny Malhotra is hit by Cody Hodgson and loses puck.
1:26 of 2nd period - Snap shot by Ryane Clowe.
1:26 of 2nd period - Shot Hit the Post.
1:50 of 2nd period - Wrist shot by Justin Faulk.
1:50 of 2nd period - Shot Misses the Net.
2:16 of 2nd period - Penalty to Charlie Coyle is over, Charlie Coyle is back on ice.
2:35 of 2nd period - Colby Robak is hit by Andrew Cogliano and loses puck.
3:29 of 2nd period - Slapshot by Pavel Datsyuk.
3:29 of 2nd period - Stopped by Mike Smith with a rebound.
3:31 of 2nd period - Slapshot by Christopher Tanev.
3:31 of 2nd period - Shot Misses the Net.
3:33 of 2nd period - Slapshot by Christopher Tanev.
3:33 of 2nd period - Stopped by Mike Smith with a rebound.
3:35 of 2nd period - Snap shot by Christopher Tanev.
3:35 of 2nd period - Deflect By Brian Campbell.
3:35 of 2nd period - Stopped by Mike Smith with a rebound.
3:37 of 2nd period - Wrist shot by Christopher Tanev.
3:37 of 2nd period - Stopped by Mike Smith with a rebound.
4:15 of 2nd period - Victor Hedman is hit by Charlie Coyle and loses puck.
4:24 of 2nd period - Snap shot by Andrei Markov.
4:24 of 2nd period - Deflect By Brian Campbell.
4:24 of 2nd period - Stopped by Mike Smith with a rebound.
4:40 of 2nd period - Brendan Gallagher is hit by Matt Cooke and loses puck.
5:09 of 2nd period - Christopher Tanev is hit by Manny Malhotra and loses puck.
6:07 of 2nd period - Jared Cowen is hit by Jordan Staal and loses puck.
6:26 of 2nd period - Minor Penalty to Lance Bouma for Holding.
6:27 of 2nd period - Jason Spezza wins face-off versus Boyd Gordon in Canucks zone.
6:32 of 2nd period - Snap shot by Jason Spezza.
6:32 of 2nd period - Stopped by Ben Bishop without a rebound.
6:33 of 2nd period - Boyd Gordon wins face-off versus Jason Spezza in Canucks zone.
6:53 of 2nd period - Snap shot by Boyd Gordon.
6:53 of 2nd period - Stopped by Mike Smith without a rebound.
6:54 of 2nd period - Boyd Gordon wins face-off versus Jordan Staal in Flames zone.
7:31 of 2nd period - Snap shot by Jordan Staal.
7:31 of 2nd period - Stopped by Ben Bishop with a rebound.
8:05 of 2nd period - Kyle Brodziak is hit by Andrew Cogliano and loses puck.
8:20 of 2nd period - Justin Faulk is hit by Jared Cowen.
8:26 of 2nd period - Penalty to Lance Bouma is over, Lance Bouma is back on ice.
8:44 of 2nd period - Off-side.
8:45 of 2nd period - Pavel Datsyuk wins face-off versus Nick Spaling in neutral zone.
9:10 of 2nd period - Slapshot by Dougie Hamilton.
9:10 of 2nd period - Deflect By Mikael Backlund.
9:10 of 2nd period - Stopped by Ben Bishop with a rebound.
9:12 of 2nd period - Snap shot by Brian Campbell.
9:12 of 2nd period - Stopped by Ben Bishop with a rebound.
9:42 of 2nd period - Andrei Markov is hit by Justin Faulk.
11:17 of 2nd period - Slapshot by Jordan Staal.
11:17 of 2nd period - Shot Misses the Net.
11:19 of 2nd period - Slapshot by Chris Phillips.
11:19 of 2nd period - Deflect By Jordan Staal.
11:19 of 2nd period - Deflect By Andrei Markov.
11:19 of 2nd period - Stopped by Ben Bishop with a rebound.
11:21 of 2nd period - Wrist shot by Jordan Staal.
11:21 of 2nd period - Stopped by Ben Bishop with a rebound.
11:23 of 2nd period - Slapshot by Chris Phillips.
11:23 of 2nd period - Stopped by Ben Bishop without a rebound.
11:24 of 2nd period - Cody Hodgson wins face-off versus Mikael Backlund in Canucks zone.
11:37 of 2nd period - Slapshot by Brian Campbell.
11:37 of 2nd period - Shot Hit the Post.
11:39 of 2nd period - Slapshot by Justin Faulk.
11:39 of 2nd period - Shot Blocked by Andrei Markov.
11:41 of 2nd period - Slapshot by Brian Campbell.
11:41 of 2nd period - Shot Misses the Net.
11:45 of 2nd period - Snap shot by Matt Cooke.
11:45 of 2nd period - Stopped by Ben Bishop without a rebound.
11:46 of 2nd period - Mason Raymond wins face-off versus Aleksander Barkov in Canucks zone.
12:09 of 2nd period - Slapshot by Mason Raymond.
12:09 of 2nd period - Shot Misses the Net.
12:29 of 2nd period - Minor Penalty to Mason Raymond for Slashing.
12:30 of 2nd period - Jason Spezza wins face-off versus Boyd Gordon in Canucks zone.
12:35 of 2nd period - Wrist shot by Jason Pominville.
12:35 of 2nd period - Stopped by Ben Bishop with a rebound.
12:37 of 2nd period - Slapshot by Dougie Hamilton.
12:37 of 2nd period - Shot Blocked by Andrei Markov.
12:39 of 2nd period - Slapshot by Jacob Trouba.
12:39 of 2nd period - Shot Blocked by Victor Hedman.
12:41 of 2nd period - Wrist shot by Andrew Cogliano.
12:41 of 2nd period - Goal by Andrew Cogliano - Flames : 2 - Canucks : 1.
12:42 of 2nd period - Jason Spezza wins face-off versus Pavel Datsyuk in neutral zone.
12:45 of 2nd period - Wrist shot by Andrew Cogliano.
12:45 of 2nd period - Stopped by Ben Bishop with a rebound.
12:47 of 2nd period - Wrist shot by Jason Spezza.
12:47 of 2nd period - Stopped by Ben Bishop without a rebound.
12:48 of 2nd period - Pavel Datsyuk wins face-off versus Jason Spezza in Canucks zone.
13:39 of 2nd period - Slapshot by Brian Campbell.
13:39 of 2nd period - Shot Hit the Post.
13:41 of 2nd period - Snap shot by Mikael Backlund.
13:41 of 2nd period - Shot Blocked by Andrei Markov.
13:43 of 2nd period - Slapshot by Chris Phillips.
13:43 of 2nd period - Shot Misses the Net.
13:45 of 2nd period - Slapshot by Dougie Hamilton.
13:45 of 2nd period - Shot Blocked by Clarke MacArthur.
13:47 of 2nd period - Snap shot by Nick Spaling.
13:47 of 2nd period - Shot Misses the Net.
13:49 of 2nd period - Wrist shot by Nick Spaling.
13:49 of 2nd period - Shot Blocked by Andrei Markov.
13:51 of 2nd period - Wrist shot by Matt Cooke.
13:51 of 2nd period - Stopped by Ben Bishop with a rebound.
13:53 of 2nd period - Snap shot by Nick Spaling.
13:53 of 2nd period - Deflect By Mikael Backlund.
13:53 of 2nd period - Stopped by Ben Bishop with a rebound.
13:57 of 2nd period - Slapshot by Dougie Hamilton.
13:57 of 2nd period - Shot Misses the Net.
13:59 of 2nd period - Wrist shot by Matt Cooke.
13:59 of 2nd period - Shot Blocked by Pavel Datsyuk.
14:01 of 2nd period - Slapshot by Chris Phillips.
14:01 of 2nd period - Shot Misses the Net.
14:36 of 2nd period - Minor Penalty to Chris Phillips for Goalie Interference.
14:37 of 2nd period - Ryane Clowe wins face-off versus Manny Malhotra in Flames zone.
14:50 of 2nd period - Minor Penalty to Mikael Backlund for Holding.
14:51 of 2nd period - Manny Malhotra wins face-off versus Cody Hodgson in Flames zone.
14:59 of 2nd period - Slapshot by TJ Brodie.
14:59 of 2nd period - Stopped by Ben Bishop without a rebound.
15:00 of 2nd period - Cody Hodgson wins face-off versus Manny Malhotra in Canucks zone.
15:04 of 2nd period - Off-side.
15:05 of 2nd period - Cody Hodgson wins face-off versus Manny Malhotra in neutral zone.
15:14 of 2nd period - Snap shot by Brendan Gallagher.
15:14 of 2nd period - Stopped by Mike Smith without a rebound.
15:15 of 2nd period - Charlie Coyle wins face-off versus Pavel Datsyuk in Flames zone.
15:34 of 2nd period - Snap shot by Pavel Datsyuk.
15:34 of 2nd period - Shot Misses the Net.
16:32 of 2nd period - Wrist shot by Pavel Datsyuk.
16:32 of 2nd period - Goal by Pavel Datsyuk - Flames : 2 - Canucks : 2.
16:33 of 2nd period - Manny Malhotra wins face-off versus Cody Hodgson in neutral zone.
16:44 of 2nd period - Minor Penalty to Ryane Clowe for Holding.
16:45 of 2nd period - Pavel Datsyuk wins face-off versus Jordan Staal in Canucks zone.
16:50 of 2nd period - Penalty to Mikael Backlund is over, Mikael Backlund is back on ice.
17:15 of 2nd period - Slapshot by Victor Hedman.
17:15 of 2nd period - Deflect By Pavel Datsyuk.
17:15 of 2nd period - Shot Blocked by Justin Faulk.
17:15 of 2nd period - Puck is out of play.
17:16 of 2nd period - Boyd Gordon wins face-off versus Jordan Staal in Flames zone.
18:07 of 2nd period - Boyd Gordon is hit by Jacob Trouba and loses puck.
18:36 of 2nd period - Snap shot by Charlie Coyle.
18:36 of 2nd period - Stopped by Ben Bishop without a rebound.
18:37 of 2nd period - Kyle Brodziak wins face-off versus Jordan Staal in Canucks zone.
18:44 of 2nd period - Penalty to Ryane Clowe is over, Ryane Clowe is back on ice.
18:53 of 2nd period - Off-side.
18:54 of 2nd period - Ryane Clowe wins face-off versus Mikael Backlund in neutral zone.
18:57 of 2nd period - Matt Cooke is hit by Victor Hedman.
19:09 of 2nd period - Slapshot by Brian Campbell.
19:09 of 2nd period - Shot Misses the Net.
19:21 of 2nd period - Slapshot by Brian Campbell.
19:21 of 2nd period - Stopped by Ben Bishop without a rebound.
19:22 of 2nd period - Brendan Gallagher wins face-off versus Jason Spezza in Canucks zone.
19:51 of 2nd period - Niklas Hjalmarsson is hit by Jacob Trouba and loses puck.
Goals for this period are 1 for Flames vs 1 for Canucks.
Shots for this period are 17 for Flames vs 9 for Canucks.

3rd period


0:01 of 3rd period - Pavel Datsyuk wins face-off versus Jordan Staal in neutral zone.
0:20 of 3rd period - Snap shot by Charlie Coyle.
0:20 of 3rd period - Stopped by Ben Bishop without a rebound.
0:21 of 3rd period - Jason Spezza wins face-off versus Cody Hodgson in Canucks zone.
1:08 of 3rd period - Chris Phillips is hit by Ryane Clowe and loses puck.
1:15 of 3rd period - Niklas Hjalmarsson is hit by Chris Phillips and loses puck.
1:30 of 3rd period - Slapshot by Charlie Coyle.
1:30 of 3rd period - Shot Misses the Net.
1:32 of 3rd period - Slapshot by Brian Campbell.
1:32 of 3rd period - Stopped by Ben Bishop with a rebound.
1:40 of 3rd period - Wrist shot by Charlie Coyle.
1:40 of 3rd period - Shot Blocked by Christopher Tanev.
2:00 of 3rd period - Slapshot by Brian Campbell.
2:00 of 3rd period - Shot Blocked by Andrei Markov.
2:37 of 3rd period - Minor Penalty to Matt Cooke for Goalie Interference.
2:38 of 3rd period - Manny Malhotra wins face-off versus Clarke MacArthur in Flames zone.
3:13 of 3rd period - TJ Brodie is hit by Pavel Datsyuk.
3:58 of 3rd period - Wrist shot by Cody Hodgson.
3:58 of 3rd period - Shot Blocked by Casey Cizikas.
4:37 of 3rd period - Penalty to Matt Cooke is over, Matt Cooke is back on ice.
5:07 of 3rd period - Snap shot by Jason Spezza.
5:07 of 3rd period - Shot Misses the Net.
5:13 of 3rd period - Jason Pominville is hit by Victor Hedman and loses puck.
5:52 of 3rd period - Minor Penalty to Charlie Coyle for Interference.
5:53 of 3rd period - Mikael Backlund wins face-off versus Cody Hodgson in Flames zone.
6:51 of 3rd period - Manny Malhotra is hit by Christopher Tanev.
7:52 of 3rd period - Penalty to Charlie Coyle is over, Charlie Coyle is back on ice.
8:19 of 3rd period - Wrist shot by Lance Bouma.
8:19 of 3rd period - Stopped by Mike Smith with a rebound.
8:21 of 3rd period - Snap shot by Mason Raymond.
8:21 of 3rd period - Shot Misses the Net.
9:13 of 3rd period - Slapshot by Jason Spezza.
9:13 of 3rd period - Shot Misses the Net.
9:35 of 3rd period - Justin Faulk is hit by Jared Cowen and loses puck.
10:15 of 3rd period - Jacob Trouba is hit by Christopher Tanev and loses puck.
10:22 of 3rd period - Snap shot by Pavel Datsyuk.
10:22 of 3rd period - Shot Misses the Net.
10:28 of 3rd period - Slapshot by Clarke MacArthur.
10:28 of 3rd period - Shot Misses the Net.
10:40 of 3rd period - Michael Grabner is hit by Andrew Cogliano and loses puck.
11:17 of 3rd period - Christopher Tanev is hit by Casey Cizikas.
11:53 of 3rd period - Wrist shot by Charlie Coyle.
11:53 of 3rd period - Deflect By Jordan Staal.
11:53 of 3rd period - Stopped by Ben Bishop with a rebound.
12:05 of 3rd period - Snap shot by Jason Spezza.
12:05 of 3rd period - Stopped by Ben Bishop without a rebound.
12:06 of 3rd period - Andrew Cogliano wins face-off versus Lance Bouma in Canucks zone.
12:58 of 3rd period - Backhand shot by Michael Frolik.
12:58 of 3rd period - Stopped by Ben Bishop without a rebound.
12:59 of 3rd period - Cody Hodgson wins face-off versus Jordan Staal in Canucks zone.
13:04 of 3rd period - Slapshot by Victor Hedman.
13:04 of 3rd period - Stopped by Mike Smith with a rebound.
13:16 of 3rd period - Michael Grabner is hit by Jacob Trouba and loses puck.
14:54 of 3rd period - Casey Cizikas is hit by Brendan Gallagher and loses puck.
15:17 of 3rd period - Slapshot by Victor Hedman.
15:17 of 3rd period - Stopped by Mike Smith with a rebound.
15:37 of 3rd period - Minor Penalty to Kyle Brodziak for Close Hand On Puck.
15:38 of 3rd period - Jason Spezza wins face-off versus Boyd Gordon in Canucks zone.
15:55 of 3rd period - Slapshot by Jason Spezza.
15:55 of 3rd period - Shot Hit the Post.
15:57 of 3rd period - Slapshot by Brian Campbell.
15:57 of 3rd period - Deflect By Andrew Cogliano.
15:57 of 3rd period - Stopped by Ben Bishop with a rebound.
15:59 of 3rd period - Slapshot by Justin Faulk.
15:59 of 3rd period - Shot Blocked by Lance Bouma.
16:01 of 3rd period - Wrist shot by Jason Spezza.
16:01 of 3rd period - Stopped by Ben Bishop without a rebound.
16:02 of 3rd period - Jordan Staal wins face-off versus Boyd Gordon in Canucks zone.
16:03 of 3rd period - Snap shot by Charlie Coyle.
16:03 of 3rd period - Stopped by Ben Bishop without a rebound.
16:04 of 3rd period - Jordan Staal wins face-off versus Boyd Gordon in Canucks zone.
16:27 of 3rd period - Snap shot by Charlie Coyle.
16:27 of 3rd period - Stopped by Ben Bishop without a rebound.
16:28 of 3rd period - Jason Spezza wins face-off versus Boyd Gordon in Canucks zone.
17:37 of 3rd period - Penalty to Kyle Brodziak is over, Kyle Brodziak is back on ice.
18:00 of 3rd period - Wrist shot by Ryane Clowe.
18:00 of 3rd period - Shot Blocked by Dougie Hamilton.
18:12 of 3rd period - Snap shot by Ryane Clowe.
18:12 of 3rd period - Deflect By Cody Hodgson.
18:12 of 3rd period - Stopped by Mike Smith with a rebound.
18:30 of 3rd period - Wrist shot by Pavel Datsyuk.
18:30 of 3rd period - Shot Misses the Net.
18:32 of 3rd period - Slapshot by Niklas Hjalmarsson.
18:32 of 3rd period - Stopped by Mike Smith with a rebound.
18:34 of 3rd period - Slapshot by Niklas Hjalmarsson.
18:34 of 3rd period - Shot Blocked by Jordan Staal.
18:36 of 3rd period - Snap shot by Colby Robak.
18:36 of 3rd period - Deflect By Clarke MacArthur.
18:36 of 3rd period - Shot Misses the Net.
18:36 of 3rd period - Puck is out of play.
18:37 of 3rd period - Matt Cooke wins face-off versus Pavel Datsyuk in Flames zone.
18:48 of 3rd period - Snap shot by Nick Spaling.
18:48 of 3rd period - Shot Misses the Net.
19:34 of 3rd period - Slapshot by Jacob Trouba.
19:34 of 3rd period - Shot Blocked by Jared Cowen.
19:40 of 3rd period - Snap shot by Aleksander Barkov.
19:40 of 3rd period - Deflect By Casey Cizikas.
19:40 of 3rd period - Stopped by Ben Bishop with a rebound.
19:42 of 3rd period - Snap shot by Manny Malhotra.
19:42 of 3rd period - Stopped by Ben Bishop with a rebound.
Goals for this period are 0 for Flames vs 0 for Canucks.
Shots for this period are 11 for Flames vs 5 for Canucks.

Overtime #1


0:01 of 1st overtime period - Jason Spezza wins face-off versus Pavel Datsyuk in neutral zone.
0:20 of 1st overtime period - Snap shot by Pavel Datsyuk.
0:20 of 1st overtime period - Shot Misses the Net.
0:54 of 1st overtime period - Jacob Trouba is hit by Andrei Markov and loses puck.
2:19 of 1st overtime period - Snap shot by Brian Campbell.
2:19 of 1st overtime period - Stopped by Ben Bishop without a rebound.
2:20 of 1st overtime period - Pavel Datsyuk wins face-off versus Jordan Staal in Canucks zone.
2:29 of 1st overtime period - Justin Faulk is hit by Victor Hedman.
3:14 of 1st overtime period - James Wright is hit by TJ Brodie.
3:44 of 1st overtime period - Niklas Hjalmarsson is hit by TJ Brodie and loses puck.
3:57 of 1st overtime period - Snap shot by Clarke MacArthur.
3:57 of 1st overtime period - Shot Misses the Net.
4:40 of 1st overtime period - Snap shot by Mikael Backlund.
4:40 of 1st overtime period - Stopped by Ben Bishop with a rebound.
4:52 of 1st overtime period - Snap shot by Justin Faulk.
4:52 of 1st overtime period - Stopped by Ben Bishop with a rebound.
Goals for this period are 0 for Flames vs 0 for Canucks.
Shots for this period are 3 for Flames vs 0 for Canucks.

ShootOut


5:00 of 1st overtime period - Penalty Shot by Jordan Staal for Flames.
5:00 of 1st overtime period - Wrist shot by Jordan Staal.
5:00 of 1st overtime period - Stopped by Ben Bishop.
5:00 of 1st overtime period - Penalty Shot by Pavel Datsyuk for Canucks.
5:00 of 1st overtime period - Deke by Pavel Datsyuk.
5:00 of 1st overtime period - Goal by Pavel Datsyuk.
5:00 of 1st overtime period - Penalty Shot by Jason Pominville for Flames.
5:00 of 1st overtime period - Snap shot by Jason Pominville.
5:00 of 1st overtime period - Goal by Jason Pominville.
5:00 of 1st overtime period - Penalty Shot by Mason Raymond for Canucks.
5:00 of 1st overtime period - Snap shot by Mason Raymond.
5:00 of 1st overtime period - Stopped by Mike Smith.
5:00 of 1st overtime period - Penalty Shot by Jason Spezza for Flames.
5:00 of 1st overtime period - Deke by Jason Spezza.
5:00 of 1st overtime period - Stopped by Ben Bishop.
5:00 of 1st overtime period - Penalty Shot by Michael Grabner for Canucks.
5:00 of 1st overtime period - Wrist shot by Michael Grabner.
5:00 of 1st overtime period - Goal by Michael Grabner.


Output by the SimonT Hockey Simulator (STHS) for Eric Dolegowski -- Original Page W3C XHTML 1.0 Valid
Hockey Simulator - Hockey Simulation - Hockey Manager